 Dungeon Crawl Stone Soup version 0.27.1-33-g824d729ab1 (webtiles) character file.

Game seed: 8006569170256584467

183 sking99 the Sneak (level 5, 0/34 HPs)
             Began as a Kobold Delver on Dec 8, 2021.
             Slain by a bullfrog skeleton (3 damage)
             ... on level 5 of the Dungeon.
             The game lasted 00:00:49 (72 turns).

sking99 the Sneak (Kobold Delver)                     Turns: 72, Time: 00:00:50

Health: 0/34       AC:  3    Str: 11    XL:     5   Next: 94%
Magic:  5/5        EV: 14    Int: 11    God:
Gold:   20         SH:  0    Dex: 16    Spells: 4/4 levels left

rFire    . . .     SeeInvis .   a - +0 short sword
rCold    . . .     Faith    .   (shield restricted)
rNeg     . . .     Spirit   .   b - +0 leather armour
rPois    .         Reflect  .   (no helmet)
rElec    .         Harm     .   (no cloak)
rCorr    .         Rampage  .   (no gloves)
Will     .....                  (no boots)
Stlth    ++++......             (no amulet)
HPRegen  0.11/turn              (no ring)
MPRegen  0.09/turn              (no ring)

@: no status effects
A: small, no large weapons, nightstalker 3
a: no special abilities


You were on level 5 of the Dungeon.
You visited 1 branch of the dungeon, and saw 1 of its levels.

You collected 20 gold pieces.

Inventory:

Hand Weapons
 a - a +0 short sword (weapon)
Armour
 b - a +0 leather armour (worn)
Wands
 g - a wand of digging (3)
Scrolls
 c - a scroll of fog
 d - a scroll of magic mapping
 e - a scroll of fear
 h - a scroll of enchant armour {unknown}
Potions
 f - a potion of haste


   Skills:
 + Level 4.7 Fighting
 * Level 6.3 Short Blades
 - Level 2.4 Dodging
 - Level 6.6 Stealth


You had 4 spell levels left.
You didn't know any spells.
Your spell library was empty.

Dungeon Overview and Level Annotations

Branches:
Dungeon (5/15)
 Temple: D:4-7

Altars:


Innate Abilities, Weirdness & Mutations

You are small and have problems with some larger weapons.
You are completely attuned to the shadows.


Message History

You miss the hound.
The hound is moderately wounded.
The hound closely misses you.
You hit the hound.
The hound is moderately wounded.
The hound bites you.
* * * LOW HITPOINT WARNING * * *
The hound bites you.
* * * LOW HITPOINT WARNING * * *
You hit the hound.
The hound is heavily wounded.
The hound misses you.
You hit the hound.
The hound is severely wounded.
The hound barely misses you.
You hit the hound but do no damage.
The hound is severely wounded.
The hound closely misses you.
You hit the hound.
You kill the hound!
You hit the bullfrog skeleton.
The bullfrog skeleton is lightly damaged.
The bullfrog skeleton closely misses you.
You barely miss the bullfrog skeleton.
The bullfrog skeleton is lightly damaged.
The bullfrog skeleton closely misses you.
You hit the bullfrog skeleton.
The bullfrog skeleton is moderately damaged.
The bullfrog skeleton closely misses you.
You completely miss the bullfrog skeleton.
The bullfrog skeleton is moderately damaged.
The bullfrog skeleton barely misses you.
You hit the bullfrog skeleton.
The bullfrog skeleton is moderately damaged.
The bullfrog skeleton hits you.
* * * LOW HITPOINT WARNING * * *
You hit the bullfrog skeleton but do no damage.
The bullfrog skeleton is moderately damaged.
The bullfrog skeleton hits you.
You die...

######
8..8.##
......##
#####Z..##
##.≈≈@##..#
##≈....≈##.#
#..#.>#†.#..#
#.§#§.#..#$$#
##≈....≈##.##
##.≈≈.##..#
######


You could see a bullfrog skeleton.

Vanquished Creatures
  2 scorpions (D:5)
  2 hounds (D:5)
  An adder (D:5)
5 creatures vanquished.

Notes
Turn   | Place    | Note
-------+----------+-------------------------------------------
     0 | D:5      | sking99 the Kobold Delver began the quest for the Orb.
     0 | D:5      | Reached XP level 1. HP: 14/14 MP: 1/1
     0 | D:5      | Noticed a scorpion
     0 | D:5      | Noticed a scorpion
     1 | D:5      | Killed a scorpion
     2 | D:5      | Reached XP level 2. HP: 20/20 MP: 2/2
     2 | D:5      | Reached XP level 3. HP: 24/24 MP: 3/3
     2 | D:5      | Reached XP level 4. HP: 29/29 MP: 4/4
     3 | D:5      | Killed a scorpion
     4 | D:5      | Reached skill level 5 in Short Blades
     4 | D:5      | Reached XP level 5. HP: 34/34 MP: 5/5
    72 | D:5      | Slain by a bullfrog skeleton

Illustrated notes

Levels and vault maps discovered:
D:5:      layout_cave_pools, minmay_temple_entry_statues, serial_glass,
          glass_columns_b, glass_columns_c, gammafunk_ghost_stat_death,
          nzn_random_ring, uniq_crazy_yiuf_cottage

Skill      XL: |  1  2  3  4  5 |
---------------+----------------+-----
Fighting       | 4 |  4.7
Short Blades   | 4 5 6 |  6.3
Dodging        | |  2.4
Stealth        | |  6.6

Action                   |  1- 3 |  4- 6 || total
-------------------------+-------+-------++-------
Melee: Short sword       |     1 |    47 ||    48
 Stab: Sleeping          |     1 |     1 ||     2
Armor: Leather armour    |       |     4 ||     4
Dodge: Dodged            |       |    33 ||    33
